 Dungeon Crawl Stone Soup version 0.30.0-29-ga12c61a403 (webtiles) character file.

Game seed: 13670294247892480063

44 qw the Chopper (level 3, -1/23 HPs)
             Began as a Gargoyle Fighter on June 3, 2023.
             Slain by a worm (3 damage)
             ... on level 2 of the Dungeon.
             The game lasted 00:00:49 (1714 turns).

qw the Chopper (Gargoyle Fighter)                   Turns: 1714, Time: 00:00:50

Health: -1/23      AC: 10    Str: 21    XL:     3   Next: 62%
Magic:  3/3        EV:  9    Int:  8    God:
Gold:   100        SH:  4    Dex:  9    Spells: 2/2 levels left

rFire   . . .        Y - +0 war axe
rCold   . . .        c - +0 buckler
rNeg    + . .        b - +0 scale mail
rPois   inf          (no helmet)
rElec   +            (no cloak)
rCorr   .            (no gloves)
SInv    .            (no boots)
Will    .....        (no amulet) Stlth
                     (no ring)
HPRegen 0.23/turn    (no ring)
MPRegen 0.08/turn

%: no passive effects
@: about to teleport
A: sickness immunity, AC +3, negative energy resistance 1, electricity
resistance, torment resistance 1, petrification resistance
a: no special abilities


You were on level 2 of the Dungeon.
You visited 1 branch of the dungeon, and saw 3 of its levels.

You collected 100 gold pieces.


Innate Abilities, Weirdness & Mutations

You are immune to sickness and miasma.
Your stone body is resilient. (AC +3)
You are immune to poison.
You resist negative energy. (rN+)
You are resistant to electric shocks. (rElec)
You are resistant to unholy torment.
You are immune to petrification.


   Skills:
 - Level 3.2 Fighting
 + Level 3.5 Axes
 - Level 3.2 Armour
 - Level 3.2 Shields


You had 2 spell levels left.
You didn't know any spells.
Your spell library was empty.

Inventory:

Hand Weapons
 e - a +0 whip
 Y - a +0 war axe (weapon)
Armour
 b - a +0 scale mail (worn)
 c - a +0 buckler (worn)
Potions
 a - a potion of berserk rage {unknown}
 d - a potion of might
 h - a potion of heal wounds {unknown}
 i - a potion of cancellation {unknown}

Dungeon Overview and Level Annotations

Branches:
Dungeon (3/15)

Altars:


Message History

Where to? (* - list waypoints, Enter - D:2, ? - help)
What level of the Dungeon? (default 1, ? - help)
There is a stone staircase leading down here.
You climb downwards.
Found a scroll of teleportation.
There is a stone staircase leading up here.
A worm is nearby!
Waypoint 2 assigned to D:3.
You barely miss the worm. The worm barely misses you.
You slash the worm!
The worm is moderately wounded.
The worm bites you.
1705 ||| STAIRDANCE You climb upwards.
There is a stone staircase leading down here.
You barely miss the worm.
The worm is moderately wounded.
The worm bites you.
You hit the worm.
The worm is moderately wounded.
The worm bites you!
You slash the worm!
The worm is severely wounded.
The worm bites you but does no damage.
You hit the worm.
The worm is almost dead.
You barely miss the worm.
The worm is almost dead.
The worm bites you but does no damage.
You barely miss the worm.
The worm is almost dead.
The worm bites you.
1713 ||| READING scroll of teleportation.
As you read the scroll of teleportation, it crumbles to dust.
You feel strangely unstable.
You barely miss the worm.
The worm is severely wounded.
The worm bites you.
You die...

................<...)%...........
###.##..#######...####.####......
#...............# #.####......
#.##...........#####...........
#.##...........'.....#####.....
###.##...........##....##########
..#.................#.........#
#.####.#.........w###.........###
#.# #.#####....@................
#.# #.# ##########.........###
#.####.########### #.........#
.................# #.........#
############.###.# #.........#
#.# #.# ###########
############.# #.# ########
.............###'#########.......
########.....#.).......##........


You could see a worm.

Vanquished Creatures
  A worm (D:2)
  2 dart slugs
  3 ball pythons (D:1)
  A bat (D:1)
  3 endoplasms
  A giant cockroach (D:2)
  4 goblins
  3 hobgoblins
  8 kobolds
  3 quokkas
  2 frilled lizards (D:2)
  3 rats (D:2)
34 creatures vanquished.

Notes
Turn   | Place    | Note
-------+----------+-------------------------------------------
     0 | D:1      | qw the Gargoyle Fighter began the quest for the Orb.
     0 | D:1      | Reached XP level 1. HP: 14/14 MP: 1/1
     0 | D:1      | 0 ||| qw: Version: 0.2-a-103-g5a998e5
     0 | D:1      | 0 ||| qw: Game counter: 1030
     0 | D:1      | 0 ||| qw: Always use a shield: true
     0 | D:1      | 0 ||| qw: God list: Okawaru
     0 | D:1      | 0 ||| qw: Allow faded altars: false
     0 | D:1      | 0 ||| qw: Do Orc after D:15 true
     0 | D:1      | 0 ||| qw: Do second Lair branch before Depths: true
     0 | D:1      | 0 ||| qw: Lair rune preference: random
     0 | D:1      | 0 ||| qw: Plans: Normal, Zot:1-4, Slime:5, God:TSO, Crypt,
                  | Tomb, Pan, Hells, Abyss, Win
     0 | D:1      | 0 ||| PLANNING D:1-11
   343 | D:1      | 343 ||| Stepping ~*~*~tactically~*~*~ (hiding).
   350 | D:1      | Reached XP level 2. HP: 17/19 MP: 2/2
   636 | D:1      | Reached skill level 3 in Axes
   715 | D:1      | Reached XP level 3. HP: 23/23 MP: 3/3
   884 | D:1      | 884 ||| READING scroll labelled YTYNYO DAIGY.
   885 | D:1      | 885 ||| READING scroll labelled RUSSAMN KILAO.
   920 | D:2      | 920 ||| Stepping ~*~*~tactically~*~*~ (stealth).
   977 | D:2      | 977 ||| Stepping ~*~*~tactically~*~*~ (hiding).
   979 | D:2      | 979 ||| Stepping ~*~*~tactically~*~*~ (hiding).
   983 | D:2      | 983 ||| Stepping ~*~*~tactically~*~*~ (hiding).
  1007 | D:2      | 1007 ||| Stepping ~*~*~tactically~*~*~ (stealth).
  1197 | D:2      | Found a faded altar of an unknown god.
  1430 | D:2      | 1430 ||| FLEEEEING.
  1431 | D:2      | 1431 ||| Stepping ~*~*~tactically~*~*~ (hiding).
  1433 | D:2      | 1433 ||| Stepping ~*~*~tactically~*~*~ (hiding).
  1435 | D:2      | 1435 ||| Stepping ~*~*~tactically~*~*~ (hiding).
  1436 | D:2      | 1436 ||| Stepping ~*~*~tactically~*~*~ (hiding).
  1437 | D:2      | 1437 ||| Stepping ~*~*~tactically~*~*~ (hiding).
  1653 | D:2      | 1653 ||| READING 2 scrolls labelled HEMACI EGOR.
  1658 | D:2      | 1658 ||| READING scroll labelled GUMANO DUPNE.
  1705 | D:3      | 1705 ||| STAIRDANCE
  1712 | D:2      | HP: 2/23 [worm (6)]
  1713 | D:2      | 1713 ||| READING scroll of teleportation.
  1714 | D:2      | Slain by a worm

Levels and vault maps discovered:
D:1:      dpeg_arrival_renting, layout_loops_corners
D:2:      layout_basic, hellmonk_ecumenical_altar_arch_garden,
          due_unseen_surprise
D:3:      layout_loops_ring, jmf_multi_god_temple2, minmay_puff

Skill      XL: |  1  2 |
---------------+-------+-----
Axes           | 2 3 |  3.5
Fighting       | |  3.2
Armour         | |  3.2
Shields        | |  3.2

Action                     || total
---------------------------++-------
  Melee: War axe           ||    94
    Use: Scroll            ||     5
 Armour: Scale mail        ||    33
  Dodge: Dodged            ||    32
  Block: Buckler           ||    16

Table legend:
 A = Non-vault XP
 B = Vault XP
 C = Vault XP percentage of total XP
 D = Non-vault monster count
 E = Vault monster count
 F = Vault count percentage of total count
                 A         B        C        D         E       F
            +---------+---------+-------+---------+---------+-------
      Total |      64 |       0 |   0.0 |      34 |       0 |   0.0
            +---------+---------+-------+---------+---------+-------
        D:1 |      36 |       0 |   0.0 |      19 |       0 |   0.0
        D:2 |      28 |       0 |   0.0 |      15 |       0 |   0.0
            +---------+---------+-------+---------+---------+-------
